 Dungeon Crawl Stone Soup version 0.19.0 (webtiles) character file.

1771 Danakh the Cleaver (level 8, 73/73 HPs)
             Began as a Minotaur Fighter on Nov 7, 2016.
             Was a Believer of Yredelemnul.
             Got out of the dungeon alive.
             The game lasted 00:12:04 (4454 turns).

Danakh the Cleaver (Minotaur Fighter)               Turns: 4454, Time: 00:12:05

Health: 73/73      AC: 11    Str: 23    XL:     8   Next: 80%
Magic:  7/7        EV:  6    Int:  5    God:    Yredelemnul [**....]
Gold:   212        SH: 11    Dex: 10    Spells: 0 memorised, 7 levels left

rFire  + . .     SeeInvis .     a - +0 war axe
rCold  . . .     Gourm    .     v - +0 chain mail
rNeg   . . .     Faith    .     c - +0 shield
rPois  .         Spirit   .     (helmet restricted)
rElec  .         Reflect  .     n - +0 cloak (curse)
rCorr  .         Harm     .     (no gloves)
MR     .....     Rnd*Tele +     (no boots)
Stlth  ..........               (no amulet)
                                w - ring of teleportation (curse)
                                p - ring of protection from fire

@: no status effects
A: retaliatory headbutt, horns 2
a: Animate Remains, Recall Undead Slaves, Injury Mirror, Renounce Religion


You escaped.
You worshipped Yredelemnul.
Yredelemnul was pleased with you.
You were near starving.

You visited 1 branch of the dungeon, and saw 6 of its levels.
You also visited: Sewer.

You collected 212 gold pieces.

Inventory:

Hand Weapons
 a - a +0 war axe (weapon)
Armour
 b - a +0 scale mail
 c - a +0 shield (worn)
 n - a cursed +0 cloak (worn)
 v - a +0 chain mail (worn)
Jewellery
 o - an uncursed ring of magical power
 p - a ring of protection from fire (left hand)
 w - a cursed ring of teleportation (right hand)
 C - an uncursed amulet of regeneration {unknown}
 F - a cursed -6 ring of protection {unknown}
Wands
 z - a wand of iceblast (11/15)
Scrolls
 h - 4 scrolls of identify {unknown}
 j - 2 scrolls of amnesia {unknown}
 m - a scroll of random uselessness {unknown}
 q - 8 scrolls of teleportation {unknown}
 s - a scroll of fear {unknown}
 x - a scroll of fog {unknown}
 y - a scroll of enchant weapon {unknown}
 A - a scroll of immolation {unknown}
 E - a scroll of magic mapping {unknown}
Potions
 d - a potion of might
 e - a potion of magic {unknown}
 g - 2 potions of mutation {unknown}
 k - 3 potions of flight {unknown}
 l - 4 potions of agility {unknown}
 r - 4 potions of curing {unknown}
 t - 2 potions of invisibility {unknown}
 B - a potion of heal wounds {unknown}
Books
 D - a book of Cantrips

   Spells                             Type                      Level
   a - Confusing Touch                Hexes                        1
   b - Animate Skeleton               Necromancy                   1
   c - Summon Small Mammal            Summoning                    1
   d - Apportation                    Translocation                1
Comestibles
 f - 3 bread rations
 i - a meat ration
 u - a slice of pizza
 G - a chunk of flesh


   Skills:
 + Level 7.0 Fighting
 * Level 8.9 Axes
 + Level 7.1 Armour
 + Level 7.1 Shields


You had 7 spell levels left.
You didn't know any spells.

Dungeon Overview and Level Annotations

Branches:
Dungeon (6/15)             Temple (0/1) D:4

Altars:
Dithmenos
Elyvilon
Gozag
Makhleb
Ru
Trog
Yredelemnul

Annotations:
D:3 jimeh's ghost, amateur HOMo


Innate Abilities, Weirdness & Mutations

You reflexively headbutt those who attack you in melee.
You have a pair of horns on your head.


Message History

There is a stone staircase leading down here.
A goblin comes into view. It is wielding a dagger.
There is a large open door here.
You block the goblin's attack.
You hit the goblin but do no damage. The goblin hits you but does no damage.
You block the goblin's attack.
You are near starving!
You slash the goblin!
You kill the goblin!
No target in view!
No target in view!
Things that are here:
a dagger; a goblin corpse You butcher the goblin corpse.
G - a chunk of flesh
Things that are here:
a dagger; a goblin skeleton
There is a staircase leading out of the dungeon here.
Are you sure you want to leave the Dungeon?
This will make you lose the game!
You have escaped!

##....#.#..........##.#####......
##....#...........###.# ##....#
##....##..............########..#
.......###########.##.....## #.[.
#.....#.#........#.##.###..###...
#.....#.+........#.##.# ##.#.....
#.....#.+........#.##.## #.......
#.....#.#........#...).####....##
#.####..#.......@#..#............
........#.)......#..##.........##
........'........#...........#..#
........'.....)..#...........##.#
........#........#...........##..
.......###########.###...........
####.#.########..#.# #...........
##...............# #.......#...
##...........###### #.......#...


There were no monsters in sight!

Vanquished Creatures
  Pikel (D:4)
  Grinder (D:5)
  A sky beast (D:5)
  3 ogres (D:5)
  A bullfrog (D:6)
  A scorpion (D:5)
  3 hounds
  A bullfrog skeleton (D:3)
  An orc priest (D:4)
  An iguana (D:5)
  Jessica (D:2)
  3 worker ants
  Robin (D:2)
  4 gnolls (D:4)
  7 adders
  A shadow imp (D:5)
  4 worms
  A dart slug (D:2)
  2 leopard geckos
  19 orcs
  3 ball pythons
  4 giant cockroaches
  8 hobgoblins
  7 jackals
  A quokka (D:4)
  A ball python skeleton (D:5)
  13 bats
  5 frilled lizards
  13 goblins
  4 kobolds
  14 rats
130 creatures vanquished.

Vanquished Creatures (collateral kills)
  An ogre (D:5)
  A centaur (D:5)
  A jelly (D:5)
  2 orc priests (D:5)
5 creatures vanquished.

Vanquished Creatures (others)
  2 crimson imps (D:5)
  A hound (D:5)
  A bullfrog skeleton (D:5)
  A rat zombie (D:5)
5 creatures vanquished.

Grand Total: 140 creatures vanquished

Notes
Turn   | Place    | Note
-------+----------+-------------------------------------------
     0 | D:1      | Danakh the Minotaur Fighter began the quest for the Orb.
     0 | D:1      | Reached XP level 1. HP: 19/19 MP: 0/0
   152 | D:1      | Reached XP level 2. HP: 27/27 MP: 1/1
   544 | D:2      | You fall through a shaft!
   551 | D:3      | Reached skill level 3 in Axes
   551 | D:3      | Reached XP level 3. HP: 31/33 MP: 2/2
   558 | D:3      | Noticed jimeh's ghost (amateur HOMo)
   843 | D:3      | Reached XP level 4. HP: 25/40 MP: 3/3
   856 | D:3      | Found a burning altar of Makhleb.
   856 | D:3      | Found a white marble altar of Elyvilon.
   916 | D:3      | Reached skill level 4 in Axes
  1001 | D:3      | Found a glowing drain.
  1006 | Sewer    | Entered a sewer
  1269 | Sewer    | Reached XP level 5. HP: 47/47 MP: 4/4
  1521 | D:2      | Noticed Robin
  1525 | D:2      | Killed Robin
  1575 | D:2      | Noticed Jessica
  1576 | D:2      | Found an opulent altar of Gozag.
  1579 | D:2      | Killed Jessica
  1579 | D:2      | Reached skill level 5 in Axes
  1779 | D:2      | Found a sacrificial altar of Ru.
  1788 | D:2      | Found a faded altar of an unknown god.
  1797 | D:2      | Became a worshipper of Yredelemnul the Dark
  1797 | D:2      | Reached * piety under Yredelemnul
  1818 | D:2      | Found a shadowy altar of Dithmenos.
  2265 | D:4      | Reached XP level 6. HP: 53/53 MP: 5/5
  2270 | D:4      | Reached skill level 5 in Armour
  2270 | D:4      | Reached skill level 5 in Shields
  2390 | D:4      | Reached skill level 5 in Fighting
  2543 | D:4      | Found a staircase to the Ecumenical Temple.
  2680 | D:4      | Reached ** piety under Yredelemnul
  2918 | D:5      | Entered Level 5 of the Dungeon
  2918 | D:5      | Noticed Pikel
  2918 | D:5      | Noticed a slave
  2918 | D:5      | Noticed a slave
  2921 | D:5      | Noticed a slave
  2924 | D:5      | Noticed a slave
  2948 | D:4      | Killed Pikel
  2948 | D:4      | Reached skill level 7 in Axes
  2948 | D:4      | Reached XP level 7. HP: 43/62 MP: 6/6
  3131 | D:5      | Reached XP level 8. HP: 70/70 MP: 7/7
  3245 | D:5      | Reached skill level 8 in Axes
  3265 | D:5      | Noticed a moth of wrath
  3268 | D:5      | Found a bloodstained altar of Trog.
  3418 | D:5      | Noticed Grinder
  3433 | D:5      | Killed Grinder
  4454 | D:$      | Got out of the dungeon alive.

Skill      XL: |  1  2  3  4  5  6  7  8 |
---------------+-------------------------+-----
Axes           | 3 4 5 7 8 |  8.9
Shields        | 4 6 7 |  7.1
Fighting       | 4 5 6 7 |  7.0
Armour         | 4 6 7 |  7.1

Action                   |  1- 3 |  4- 6 |  7- 9 || total
-------------------------+-------+-------+-------++-------
Melee: War axe           |    86 |   161 |    83 ||   330
       Headbutt          |    14 |    22 |    16 ||    52
Invok: Animate Remains   |       |     4 |     8 ||    12
       Recall Undead Sla |       |       |     1 ||     1
  Eat: Chunk             |       |     8 |     6 ||    14
Armor: Scale mail        |    47 |    67 |       ||   114
       Chain mail        |       |    20 |    17 ||    37
Dodge: Dodged            |    32 |    52 |    22 ||   106
Block: Shield            |    59 |   110 |    35 ||   204
